 Dungeon Crawl Stone Soup version 0.27.1-1-g398f81649c (webtiles) character file.

Game seed: 6508664838011297795

52 nxtlvl the Ruffian (level 3, 0/28 HPs)
             Began as a Minotaur Transmuter on Sept 18, 2021.
             Succumbed to an adder's poison
             ... on level 4 of the Dungeon.
             The game lasted 00:03:11 (503 turns).

nxtlvl the Ruffian (Minotaur Transmuter)             Turns: 503, Time: 00:03:12

Health: 0/28       AC:  2    Str: 15    XL:     3   Next: 60%
Magic:  4/4        EV: 12    Int: 10    God:
Gold:   23         SH:  0    Dex: 10    Spells: 3/4 levels left

rFire    . . .     SeeInvis .     - Unarmed
rCold    . . .     Faith    .   (no shield)
rNeg     . . .     Spirit   .   a - +0 robe
rPois    .         Reflect  .   (helmet currently unavailable)
rElec    .         Harm     .   (no cloak)
rCorr    .         Rampage  .   (no gloves)
Will     .....                  (boots currently unavailable)
Stlth    +.........             b - amulet of magic regeneration
HPRegen  0.09/turn              (no ring)
MPRegen  0.34/turn              (no ring)

@: lethally poisoned (0 -> -1), appendages (expiring)
A: talons 2, horns 2, retaliatory headbutt
a: End Transformation


You were on level 4 of the Dungeon.
You had temporarily grown beastly talons.
You visited 1 branch of the dungeon, and saw 4 of its levels.

You collected 23 gold pieces.

Inventory:

Missiles
 d - 12 arrows
Armour
 a - a +0 robe (worn)
Jewellery
 b - an amulet of magic regeneration (around neck)
Scrolls
 c - 2 scrolls of blinking {unknown}
 g - a scroll of silence {unknown}
Potions
 e - a potion of flight {unknown}
 f - a potion of brilliance {unknown}


   Skills:
 - Level 1.2 Fighting
 - Level 2.1 Dodging
 * Level 5.1 Unarmed Combat
 - Level 1.3 Spellcasting
 - Level 1.5 Transmutations


You had 3 spell levels left.
You knew the following spells:

 Your Spells              Type           Power      Damage    Failure   Level
a - Beastly Appendage     Tmut           6%         N/A       19%         1

Your spell library contained the following spells:

 Spells                   Type           Power      Damage    Failure   Level
 Wereblood                Tmut           3%         N/A       26%         2
 Spider Form              Tmut/Pois      1%         N/A       58%         3
 Ice Form                 Ice/Tmut       2%         N/A       94%         4


Dungeon Overview and Level Annotations

Branches:
Dungeon (4/15)
 Temple: D:4-7

Altars:

Shops:
D:3 ?


Innate Abilities, Weirdness & Mutations

You have temporarily grown beastly talons.
You have a pair of horns on your head.
You reflexively headbutt those who attack you in melee.


Message History

Items here: )))) [ ††.
Found a scroll labelled BUESMUAWNU.
f - a cyan potion
g - a scroll labelled BUESMUAWNU An adder, a hound and a worm come into view.
Found a scroll labelled YPOUFO SEEMAUSCH.
Found an escape hatch in the ceiling.
The adder hisses angrily.
A scorpion comes into view.
Casting: Beastly Appendage (safe; 19% risk of failure)
Confirm with . or Enter, or press ? or * to list all spells.
Your feet morph into talons.
You barely miss the adder. You claw the adder. Your headbutt misses the adder.
The adder is lightly wounded.
The adder bites you but does no damage.
You hit the adder. Your headbutt misses the adder.
The adder is heavily wounded.
Your transformation is almost over.
The adder bites you.
You are poisoned.
The adder poisons you!
You closely miss the adder.
The adder is heavily wounded.
You feel sick. The adder bites you.
You hit the adder.
You kill the adder!
You feel sick.
Your Unarmed Combat skill increases to level 5!
You barely miss the hound. Your kick misses the hound.
Your headbutt misses the hound.
You feel sick. The hound bites you.
* * * LOW HITPOINT WARNING * * *
The hound bites you.
* * * LOW HITPOINT WARNING * * *
You punch the hound!
The hound is heavily wounded.
* * * LOW HITPOINT WARNING * * *
You feel sick. The hound completely misses you.
You barely miss the hound. Your headbutt misses the hound.
The hound is heavily wounded.
You die...

s...... ..
.# ..<.S..
.##w.
###....#...
.........#
#.# #w# #s#
#h# #@# ###
#.# #.. #.#
#.# #.# #.#
#.# #.# ###
#.####.#
#..
#..)...#
#.#
########.##
#.#
..........#
######.#


You could see a worm, a scorpion and a hound.

Vanquished Creatures
  3 adders
  A dart slug (D:3)
  4 orcs (D:4)
  An endoplasm (D:3)
  2 goblins (D:3)
  2 hobgoblins (D:3)
  3 ball pythons
  A frilled lizard (D:3)
  3 kobolds (D:3)
  A rat (D:2)
21 creatures vanquished.

Notes
Turn   | Place    | Note
-------+----------+-------------------------------------------
     0 | D:1      | nxtlvl the Minotaur Transmuter began the quest for the Orb.
     0 | D:1      | Reached XP level 1. HP: 16/16 MP: 1/1
    55 | D:2      | Reached skill level 4 in Unarmed Combat
    55 | D:2      | Reached XP level 2. HP: 15/23 MP: 3/3
   255 | D:3      | Found Lyluoplac's Magic Scroll Shop.
   399 | D:3      | Reached XP level 3. HP: 14/28 MP: 4/4
   491 | D:4      | Noticed a scorpion
   501 | D:4      | Reached skill level 5 in Unarmed Combat
   502 | D:4      | HP: 1/28 [poisoned by an adder]
   503 | D:4      | Succumbed to an adder's poison

Illustrated notes

Levels and vault maps discovered:
D:1:      wheals_arrival_shading, layout_rooms,
          dreamdust_ecumenical_altar_statues, serial_shops, shop_statue
D:2:      layout_loops_cross, basic_altar, uniq_jessica
D:3:      layout_basic, serial_shops, nicolae_shop_window_shopping, shop,
          shop_fountains, uniq_robin
D:4:      layout_loops_ring, kennysheep_potato, uniq_pikel, uniq_grinder

Skill      XL: |  1  2  3 |
---------------+----------+-----
Unarmed Combat | 4 5 |  5.1
Fighting       | |  1.2
Dodging        | |  2.1
Spellcasting   | |  1.3
Transmutations | |  1.5

Action                   || total
-------------------------++-------
Melee: Unarmed           ||    55
       Headbutt          ||     6
       Kick              ||     7
 Cast: Beastly Appendage ||     7
 Stab: Sleeping          ||     1
Armor: Robe              ||     7
Dodge: Dodged            ||    17
